Map: Winter Madness LE

Players

NoPvZpls

  • Race: Protoss Protoss
  • League: Master
  • Spawn Location: 5:00

BratOK (Brat_OK) - Winner!

  • Race: Terran Terran
  • League: Grandmaster
  • Spawn Location: 11:00

VOD

Have the link to the VOD?

Description

Time

  • Played on: Dec. 22, 2025, 4:20 a.m.
  • Length: 5:28
Show
View Real Time Build Order
Export as new Build Order

NoPvZpls Protoss 

Build Orders: Blink Stalkers 

Get SALT Encoding   

  12  0:00  Probe  
  13  0:12  Probe  
  14  0:16  Pylon  
  14  0:23  Probe  
  15  0:31  Probe  
  16  0:36  Gateway  
  16  0:39  Probe  
  17  0:51  Probe  
  17  0:52  Assimilator  
  17  0:56  Assimilator  
  18  0:59  Probe  
  19  1:07  Probe  
  19  1:17  Probe  
  20  1:24  Cybernetics Core  
  21  1:29  Probe  
  21  1:30  Pylon  
  22  1:41  Probe  
  23  1:52  Stalker  
  23  2:00  Twilight Council  
  23  2:01  Gateway  
  23  2:02  Warp Gate  
  25  2:16  Stalker  
  25  2:22  Gateway  
  27  2:25  Blink  
  27  2:26  Pylon  
  27  2:43  Stalker  
  27  2:48  Stalker  
  31  3:02  Pylon  
  31  3:06  Stalker  
  33  3:22  Gateway  
  33  3:26  Pylon  
  33  3:51  Stalker x3  
  39  4:15  Stalker x3  
  45  4:17  Stalker  
  34  4:39  Stalker x2  
  34  4:42  Stalker  
Show
View Real Time Build Order
Export as new Build Order

BratOK Terran - Winner!

Build Orders:  

Get SALT Encoding   

  12  0:00  SCV  
  13  0:12  SCV  
  14  0:17  Supply Depot  
  14  0:24  SCV  
  15  0:38  SCV  
  15  0:39  Barracks  
  16  0:43  Refinery  
  16  0:50  SCV  
  17  1:03  SCV  
  18  1:15  SCV  
  19  1:27  Barracks Reactor, Orbital Command  
  19  1:46  Command Center  
  19  1:52  Supply Depot  
  19  1:56  SCV  
  20  2:04  Marine x2  
  22  2:10  Factory  
  22  2:14  SCV  
  23  2:19  Refinery  
  23  2:22  Marine x2  
  25  2:30  Bunker  
  25  2:31  SCV  
  26  2:40  Marine x2  
  26  2:43  SCV  
  29  2:54  Factory Tech Lab  
  29  2:56  Starport  
  29  2:57  SCV  
  30  3:09  Orbital Command  
  30  3:10  Marine  
  31  3:20  Marine  
  31  3:21  Cyclone  
  31  3:27  SCV  
  35  3:33  Viking  
  37  3:36  Supply Depot  
  37  3:38  Marine  
  38  3:43  Marine  
  39  3:53  Siege Tank  
  42  4:03  Starport Tech Lab  
  42  4:04  Marine x2  
  42  4:07  SCV  
  45  4:13  Supply Depot  
  45  4:21  Marine  
  45  4:22  Marine, Raven  
  40  4:39  Marine x2  
  40  4:40  SCV  
  43  4:50  Siege Tank  
  40  5:06  SCV x2  
Tags
 
Add a new tag
Caveats
  • Supply blocks, unpowered buildings, or Contaminate may cause inaccurate times.
  • Supply counts are checked every 10 seconds.